 Dungeon Crawl Stone Soup version 0.28.0-53-g5a82cb258f (webtiles) character file.

Game seed: 3020109561613495569

37 Zeld the Digger (level 3, -1/19 HPs)
             Began as a Gargoyle Earth Elementalist on Aug 2, 2022.
             Slain by a quokka (3 damage)
             ... on level 2 of the Dungeon.
             The game lasted 00:01:55 (1282 turns).

Zeld the Digger (Gargoyle Earth Elementalist)       Turns: 1282, Time: 00:01:56

Health: -1/19      AC:  5    Str: 11    XL:     3   Next: 41%
Magic:  0/6        EV: 12    Int: 17    God:
Gold:   82         SH:  0    Dex: 10    Spells: 1/7 levels left

rFire   . . .      SeeInvis .   (no weapon)
rCold   . . .      Faith    .   (no shield)
rNeg    + . .      Spirit   .   b - +0 robe
rPois   ∞          Reflect  .   (no helmet)
rElec   +          Harm     .   (no cloak)
rCorr   .          Rampage  .   (no gloves)
Will    .....                   (no boots)
Stlth   ++........              (no amulet)
HPRegen 0.06/turn               (no ring)
MPRegen 0.10/turn               (no ring)

@: no status effects
A: sickness immunity, AC +3, negative energy resistance 1, electricity
resistance, torment resistance 1, petrification resistance
a: no special abilities


You were on level 2 of the Dungeon.
You visited 1 branch of the dungeon, and saw 2 of its levels.

You collected 82 gold pieces.

Inventory:

Armour
 b - a +0 robe (worn)
Wands
 c - a wand of iceblast (4)
Scrolls
 a - a scroll of teleportation {unknown}
 d - a scroll of magic mapping {unknown}
 e - a scroll of enchant armour {unknown}
 f - a scroll of amnesia {unknown}


   Skills:
 + Level 1.9 Dodging
 + Level 2.6 Stealth
 * Level 2.5 Spellcasting
 + Level 0.1 Conjurations
 - Level 1.0 Transmutations
 * Level 4.1 Earth Magic


You had one spell level left.
You knew the following spells:

 Your Spells              Type           Power      Damage    Failure   Level
a - Sandblast             Erth           32%        2d9       3%          1
b - Passwall              Tmut/Erth      8%         N/A       10%         2
c - Stone Arrow           Conj/Erth      18%        3d8       22%         3

Your spell library contained the following spells:

 Spells                   Type           Power      Damage    Failure   Level
 Petrify                  Tmut/Erth      10%        N/A       54%         4


Dungeon Overview and Level Annotations

Branches:
Dungeon (2/15)

Altars:


Innate Abilities, Weirdness & Mutations

You are immune to sickness and miasma.
Your stone body is resilient. (AC +3)
You are immune to poison.
You resist negative energy. (rN+)
You are resistant to electric shocks. (rElec)
You are resistant to unholy torment.
You are immune to petrification.


Message History

A quokka is nearby!
Casting: Stone Arrow (potentially lethal; 22% risk of failure)
Confirm with . or Enter, or press ? or * to list all spells.
The spell is potentially lethal to miscast (22% risk of failure)!
Continue anyway?
Aiming: Stone Arrow (potentially lethal; 22% risk of failure)
Press: ? - help, Shift-Dir - straight line, f/p - quokka
Aim: a quokka (51% to hit)
You miscast Stone Arrow.
You are hit by flying rocks.
The quokka completely misses you. The quokka bites you.
You barely miss the quokka. The quokka bites you.
You closely miss the quokka. The quokka barely misses you.
You barely miss the quokka. The quokka closely misses you.
You closely miss the quokka. The quokka bites you.
You are too injured to fight recklessly!
You closely miss the quokka. The quokka bites you.
* * * LOW HITPOINT WARNING * * *
The quokka bites you but does no damage.
You are too injured to fight recklessly!
You closely miss the quokka.
The quokka bites you but does no damage.
The quokka closely misses you.
The quokka bites you but does no damage.
Your magical contamination has completely faded away.
The quokka barely misses you.
The quokka bites you but does no damage.
There is a stone staircase leading up here.
The quokka bites you.
* * * LOW HITPOINT WARNING * * *
Casting: Stone Arrow (potentially lethal; 22% risk of failure)
Confirm with . or Enter, or press ? or * to list all spells.
The spell is potentially lethal to miscast (22% risk of failure)!
Continue anyway?
Aiming: Stone Arrow (potentially lethal; 22% risk of failure)
Press: ? - help, Shift-Dir - straight line, f/p - quokka
Aim: a quokka (51% to hit)
The stone arrow misses the quokka.
The quokka completely misses you.
Unknown command.
The quokka bites you.
* * * LOW HITPOINT WARNING * * *
The quokka bites you.
You die...

.......#........##
.......#..##.#......
.......#..##.#.#####
....<..#.........#
#.###.###.###.##.#
...............#.#
.##.###.###.##...#
.#...........#.#r#
...##.###.##...#@#
.#.#.......#.#.#.#
.#...##.##...#...#######.
.#.#.#...#.#.#.#.........
...#...#...#...#.########
.#.#.#...#.#.#.#.#
.#...##.##...#...#
.#.#.......#.#[#.#
...##.###.##...#.#


You could see a quokka.

Vanquished Creatures
  An adder (D:2)
  2 dart slugs (D:1)
  3 endoplasms
  A giant cockroach (D:2)
  3 ball pythons (D:1)
  4 bats (D:1)
  2 frilled lizards (D:1)
  5 goblins (D:1)
  2 kobolds (D:1)
  3 rats (D:1)
26 creatures vanquished.

Notes
Turn   | Place    | Note
-------+----------+-------------------------------------------
     0 | D:1      | Zeld the Gargoyle Earth Elementalist began the quest for
                  | the Orb.
     0 | D:1      | Reached XP level 1. HP: 10/10 MP: 3/3
   176 | D:1      | Reached XP level 2. HP: 15/15 MP: 0/5
   270 | D:1      | Reached skill level 1 in Transmutations
   288 | D:1      | Learned a level 2 spell: Passwall
   603 | D:1      | Found a faded altar of an unknown god.
   635 | D:1      | Reached skill level 4 in Earth Magic
   803 | D:1      | Reached XP level 3. HP: 19/19 MP: 3/6
   807 | D:1      | Learned a level 3 spell: Stone Arrow
  1282 | D:2      | Slain by a quokka

Illustrated notes

Levels and vault maps discovered:
D:1:      dpeg_arrival_boxorama, layout_rooms,
          hellmonk_ecumenical_altar_heavens_door, minmay_hexomino_u4
D:2:      layout_basic, nicolae_concentric_dashed_squares_mild,
          kennysheep_another_room

Skill      XL: |  1  2 |
---------------+-------+-----
Transmutations | 1 |  1.0
Earth Magic    | 4 |  4.1
Dodging        | |  1.9
Stealth        | |  2.6
Spellcasting   | |  2.5
Conjurations   | |  0.1

Action                   || total
-------------------------++-------
Melee: Unarmed           ||    30
 Cast: Sandblast         ||    32
       Stone Arrow       ||     3
 Stab: Sleeping          ||     1
Armor: Robe              ||    17
Dodge: Dodged            ||    39
